 Dungeon Crawl Stone Soup version 0.31-a0-978-g1e14348 (webtiles) character file.

Game seed: 5313850366675707835

2168074 UnitStreak the Slayer (level 25, 253/253 HPs)
             Began as a Demigod Hunter on Oct 30, 2023.
             Escaped with the Orb
             ... and 3 runes!
             The game lasted 01:34:41 (43492 turns).

UnitStreak the Slayer (Demigod Hunter)             Turns: 43492, Time: 01:34:42

Health: 253/253    AC: 28    Str:  7    XL:     25   Next: 54%
Magic:  27/27      EV: 21    Int: 13    God:
Gold:   3619       SH:  0    Dex: 57    Spells: 24/24 levels left

rFire   + + .        K - +27 heavy crossbow "Sniper" {heavy, Acc+∞ SInv}
rCold   + + .        (shield currently unavailable)
rNeg    + + .        h - +2 storm dragon scales
rPois   +            w - +1 hat "Inin" {rPois rCorr Str-3 Stlth+}
rElec   +            P - scarf {rC+ rF+}
rCorr   +            V - +2 pair of gloves
SInv    +            Z - +2 pair of boots of Haxkewn {Str+4 Int+4 Stlth-}
Will    ++...        J - amulet of regeneration
Stlth   +            u - ring "Vitihik" {rN++ EV+5 Str-4}
HPRegen 1.42/turn    Y - ring "Busibral" {rF+ rC+}
MPRegen 0.20/turn

%: no passive effects
@: no status effects
A: high MP 1, forlorn, divine attributes, claws 1, agile 2, poison resistance
0: Orb of Zot
}: 3/15 runes: decaying, serpentine, silver
a: no special abilities


You escaped.
You visited 9 branches of the dungeon, and saw 47 of its levels.
You visited 1 ziggurat, and saw 3 of its levels.
You also visited: Ossuary, Bailey, Gauntlet and Wizlab.

You collected 8077 gold pieces.
You spent 4458 gold pieces at shops.

Inventory:

Hand Weapons
 f - the +8 longbow "Zephyr" {speed, Dex+3 SInv}
   (You found it on level 1 of the Lair of Beasts)

   Dex+3:     It affects your dexterity (+3).
   SInv:      It lets you see invisible.
 K - the +27 heavy crossbow "Sniper" (weapon) {heavy, Acc+∞ SInv}
   (You acquired it in a bailey)

   Acc+∞: It never misses its target.
   SInv:      It lets you see invisible.
 N - a +9 heavy hand cannon
Missiles
 g - 6 throwing nets
Armour
 a - a +3 kite shield of reflection
 h - +2 storm dragon scales (worn)
 j - the +18 shield of the Gong {Loud rN+ Will+ rCorr EV-5}
   (You found it on level 2 of the Vaults)

   Loud:      It is deafeningly noisy when blocking attacks.
   EV-5:      It affects your evasion (-5).
   rN+:       It protects you from negative energy.
   Will+:     It increases your willpower.
   rCorr:     It protects you from acid and corrosion.
 o - the +4 skin of Zhor {*Englaciate rC+++ SInv}
   (You found it on level 8 of the Dungeon)

   *Englaciate: It radiates cold, occasionally slowing all nearby creatures who
   are not resistant to cold.
   rC+++:     It renders you almost immune to cold.
   SInv:      It lets you see invisible.
 w - the +1 hat "Inin" (worn) {rPois rCorr Str-3 Stlth+}
   (You found it on level 3 of the Depths)

   Str-3:     It affects your strength (-3).
   rPois:     It protects you from poison rCorr: It protects you from acid and
   corrosion.
   Stlth+:    It makes you more stealthy.
 E - +0 gold dragon scales
 P - a scarf of resistance (worn)
 V - a +2 pair of gloves (worn)
 Z - the +2 pair of boots of Haxkewn (worn) {Str+4 Int+4 Stlth-}
   (You acquired it on level 2 of the Snake Pit)

   Str+4:     It affects your strength (+4).
   Int+4:     It affects your intelligence (+4).
   Stlth-:    It makes you less stealthy.
Jewellery
 m - the ring of Rubuc {Wiz rElec rC- rCorr Int+3}
   (You took it off a tengu reaver on level 2 of the Depths)

   [ring of wizardry]

   Wiz:       It improves your spell success rate.
   Int+3:     It affects your intelligence (+3).
   rC-:       It makes you vulnerable to cold.
   rElec:     It insulates you from electricity.
   rCorr:     It protects you from acid and corrosion.
 u - the ring "Vitihik" (left hand) {rN++ EV+5 Str-4}
   (You bought it in a shop on level 2 of the Elven Halls)

   [ring of evasion]

   EV+5:      It affects your evasion (+5).
   Str-4:     It affects your strength (-4).
   rN++:      It greatly protects you from negative energy.
 J - an amulet of regeneration (around neck)
 L - the ring of Beauty {rF+ Str+3 Dex+6 SInv}
   (You found it on level 3 of the Elven Halls)

   [ring of dexterity]

   Str+3:     It affects your strength (+3).
   Dex+6:     It affects your dexterity (+6).
   rF+:       It protects you from fire.
   SInv:      It lets you see invisible.
 Y - the ring "Busibral" (right hand) {rF+ rC+}
   (You acquired it on level 2 of the Snake Pit)

   [ring of protection from cold]

   rF+:       It protects you from fire.
   rC+:       It protects you from cold.
Wands
 q - a wand of quicksilver (26)
 r - a wand of flame (127)
 v - a wand of charming (32)
 x - a wand of polymorph (29)
 F - a wand of digging (23)
 Q - a wand of roots (59)
Scrolls
 b - 2 scrolls of revelation
 l - 6 scrolls of teleportation
 n - 11 scrolls of fog
 y - 4 scrolls of immolation
 C - a scroll of enchant weapon
 D - 5 scrolls of vulnerability
 W - a scroll of silence
Potions
 c - 2 potions of lignification
 d - 22 potions of curing
 e - 7 potions of cancellation
 i - 11 potions of attraction
 k - 7 potions of brilliance
 p - 11 potions of resistance
 s - 7 potions of mutation
 t - 5 potions of heal wounds
 z - 2 potions of ambrosia
 B - a potion of invisibility
 H - 6 potions of berserk rage
 I - a potion of haste
 M - 4 potions of magic
 X - 6 potions of enlightenment
Miscellaneous
 G - a sack of spiders
 R - a phial of floods
 T - a phantom mirror
 U - a lightning rod (4/4)


   Skills:
 + Level 26.1 Fighting
 - Level 26.0 Ranged Weapons
 - Level 18.0 Armour
 - Level 16.3 Dodging
 - Level 0.8 Stealth
 - Level 15.0 Shields


You had 24 spell levels left.
You didn't know any spells.
Your spell library contained the following spells:

 Spells                   Type           Power      Damage    Failure   Level
 Kiss of Death            Conj/Necr      0%         2d5       100%        1
 Magic Dart               Conj           0%         1d3       100%        1
 Sandblast                Erth           0%         2d4       100%        1
 Shock                    Conj/Air       0%         1d3       100%        1
 Slow                     Hex            0%         N/A       100%        1
 Blink                    Tloc           0%         N/A       100%        2
 Cigotuvi's Dreadful Rot  Necr/Pois/Air  0%         N/A       100%        2
 Ensorcelled Hibernation  Hex/Ice        0%         N/A       100%        2
 Passwall                 Tmut/Erth      0%         N/A       100%        2
 Searing Ray              Conj           0%         2d4       100%        2
 Static Discharge         Conj/Air       0%         3-3/arc   100%        2
 Sublimation of Blood     Necr           0%         N/A       100%        2
 Confusing Touch          Hex            0%         N/A       100%        3
 Dazzling Flash           Conj/Hex       0%         N/A       100%        3
 Hailstorm                Conj/Ice       0%         3d3       100%        3
 Ignite Poison            Fire/Tmut/Pois 0%         N/A       100%        3
 Inner Flame              Hex/Fire       0%         N/A       100%        3
 Ozocubu's Armour         Ice            0%         N/A       100%        3
 Sigil of Binding         Hex            0%         N/A       100%        3
 Stone Arrow              Conj/Erth      0%         3d7       100%        3
 Summon Guardian Golem    Hex/Summ       0%         N/A       100%        3
 Swiftness                Air            0%         N/A       100%        3
 Tukima's Dance           Hex            0%         N/A       100%        3
 Vampiric Draining        Necr           0%         2d6       100%        3
 Airstrike                Air            0%         2d(0-16)  100%        4
 Animate Armour           Summ/Erth      0%         N/A       100%        4
 Animate Dead             Necr           0%         N/A       100%        4
 Brom's Barrelling Bould  Conj/Erth      0%         2d3       100%        4
 Dimensional Bullseye     Hex/Tloc       0%         N/A       100%        4
 Dispel Undead            Necr           0%         3d6       100%        4
 Fulminant Prism          Conj/Hex       0%         3d5       100%        4
 Iskenderun's Mystic Bla  Conj/Tloc      0%         2d3       100%        4
 Manifold Assault         Tloc           0%         N/A       100%        4
 Passage of Golubria      Tloc           0%         N/A       100%        4
 Petrify                  Tmut/Erth      0%         N/A       100%        4
 Sticky Flame             Conj/Fire      0%         2d3       100%        4
 Summon Ice Beast         Ice/Summ       0%         N/A       100%        4
 Summon Lightning Spire   Summ/Air       0%         N/A       100%        4
 Vhi's Electric Charge    Tloc/Air       0%         N/A       100%        4
 Alistair's Intoxication  Tmut/Pois      0%         N/A       100%        5
 Arcjolt                  Conj/Air       0%         1d10      100%        5
 Borgnjor's Vile Clutch   Necr/Erth      0%         N/A       100%        5
 Freezing Cloud           Conj/Ice/Air   0%         6-21      100%        5
 Irradiate                Conj/Tmut      0%         3d11      100%        5
 Silence                  Hex/Air        0%         N/A       100%        5
 Summon Forest            Summ/Tloc      0%         N/A       100%        5
 Summon Mana Viper        Hex/Summ       0%         N/A       100%        5
 Yara's Violent Unravell  Hex/Tmut       0%         3d3       100%        5
 Conjure Ball Lightning   Conj/Air       0%         3x3d6     100%        6
 Eringya's Noxious Bog    Tmut/Pois      0%         4d6       100%        6
 Plasma Beam              Fire/Air       0%         2x1d10    100%        6
 Simulacrum               Ice/Necr       0%         N/A       100%        6
 Starburst                Conj/Fire      0%         6d3       100%        6
 Summon Cactus Giant      Summ           0%         N/A       100%        6
 Enfeeble                 Hex            0%         N/A       100%        7
 Haunt                    Necr/Summ      0%         N/A       100%        7
 Orb of Destruction       Conj           0%         9d5       100%        7
 Ozocubu's Refrigeration  Ice            0%         4d7       100%        7
 Spellforged Servitor     Conj/Summ      0%         N/A       100%        7
 Summon Hydra             Summ           0%         N/A       100%        7
 Discord                  Hex            0%         N/A       100%        8
 Disjunction              Tloc           0%         N/A       100%        8
 Ignition                 Fire           0%         3d3       100%        8
 Lehudib's Crystal Spear  Conj/Erth      0%         10d2      100%        8
 Polar Vortex             Ice            0%         N/A       100%        9


Dungeon Overview and Level Annotations

Branches:
Dungeon (15/15)            Temple (0/1) D:4            Lair (5/5) D:9
  Swamp (4/4) Lair:3        Snake (4/4) Lair:2        Slime (0/5) Lair:4
    Orc (2/2) D:10            Elf (3/3) Orc:2        Vaults (5/5) D:13
  Crypt (0/3) Vaults:3     Depths (4/4) D:15            Zot (5/5) Depths:4
Ossuary (visited)          Bailey (visited)          WizLab (visited)
Gauntlet (visited)

Shops:
D:8 (   D:10 **   Orc:2 ((*(!*   Elf:2 =:=   Snake:1 ?::(   Snake:2 (
Snake:3 (*:*   Vaults:1 !   Vaults:3 [   Vaults:4 [   Depths:1 *

Portals:
Hell: Depths:1 Depths:2 Depths:3 Depths:4
Abyss: Depths:3
Pandemonium: Depths:2

Annotations:
D:4 1 runed translucent door, ooops's ghost, novice OpCj
D:6 1 runed translucent door, Crazy Yiuf
D:8 1 runed translucent door, Bronneh's ghost, novice OgIE
D:12 1 runed translucent door
Elf:2 3 runed translucent doors
Vaults:4 36 runed doors


Innate Abilities, Weirdness & Mutations

You have an increased reservoir of magic. (+10% MP)
You shall have no god before yourself.
Your divine heritage dramatically boosts your attributes as you level up.
You have sharp fingernails.
You are very agile. (Dex +8, Str/Int -2)
Your system is resistant to poisons. (rPois)


Message History

You shoot a bolt. The bolt hits the Orb Guardian!!!!
You kill the Orb Guardian!
There is a stone staircase leading up here.
You climb upwards.
There is a stone staircase leading down here.
You see here 2 javelins.
There is an open door here.
There is a stone staircase leading up here.
What level of the Dungeon? (default 3, ? - help) Boris, Master of Life and Death comes into view.
You shoot a bolt. The bolt hits Boris!!!
Boris is heavily damaged.
Boris is empowered by the presence of the orb!
You shoot a bolt. The bolt hits Boris!!!!!
You destroy Boris!
What level of the Dungeon? (default 1, ? - help)
There is a stone staircase leading up here.
You climb upwards.
There is a stone staircase leading down here.
An Orb Guardian comes into view.
You shoot a bolt. The bolt hits the Orb Guardian!!!!!
You kill the Orb Guardian!
What level of the Dungeon? (default 1, ? - help)
There is a stone staircase leading up here.
You climb upwards.
There is a stone staircase leading down here.
A rust devil comes into view.
The rust devil screeches!
You shoot a bolt. The bolt hits the rust devil!!!
You kill the rust devil!
You see here a +0 robe.
Blink to where?
Press: ? - help, Q - select action, (/) - cycle Dir - move target
As you read the scroll of blinking, it crumbles to dust.
A Tzitzimitl comes into view.
Blink to where?
Press: ? - help, Q - select action, (/) - cycle Dir - move target
As you read the scroll of blinking, it crumbles to dust.
The Tzitzimitl moves out of view.
You have escaped!

.#..#.....#.....................#
.'.##.....#.....................#
.####.....#..............1......#
..........#.....................#
.##########...P..P§.....§.......#
.............≈≈§§§§.P..P§........
...#######.....§§.§§≈≈≈≈§§P..P..#
#........#......§§.....§.§≈≈≈≈≈.#
.......#.#......@...............#
##.....#.#...............≈≈≈≈≈≈..
#......#.#.........≈≈≈≈≈≈.P..P..#
.......#÷#..(≈≈≈≈≈≈§P..P........#
.......#.#....P..P..............#
......)#.#......................#
.#####....................).....#
.##....#........................#
.##.####........................#


There were no monsters in sight!

Vanquished Creatures
  2 dread liches (Zot:5)
  6 ancient liches
  5 orbs of fire
  Mara (Swamp:4)
  A juggernaut (Depths:4)
  7 Killer Klowns
  Boris (5 times) (Vaults:4 Vaults:5 Depths:1 Depths:2 D:3)
  Bai Suzhen (Swamp:4)
  Vv (Zot:2)
  Vashnia (Snake:4)
  A curse toe (Zot:5)
  6 golden dragons
  A bone dragon (Depths:4)
  the Enchantress (Depths:3)
  3 electric golems
  2 Brimstone Fiends
  16 tentacled monstrosities
  Rupert (Lair:5)
  Jorgrun (Snake:1)
  2 walking crystal tomes (Depths:2)
  2 Hell Sentinels
  A walking earthen tome (Depths:2)
  27 Orb Guardians
  9 quicksilver dragons
  A lich (Depths:1)
  2 deep elf master archers (Elf:3)
  2 walking divine tomes (Depths:2)
  4 death cobs
  4 titans
  2 deep elf blademasters (Elf:3)
  5 sphinxes
  Agnes (Snake:4)
  17 storm dragons
  Aizul (Snake:2)
  5 tengu reavers
  A fenstrider witch (Swamp:2)
  15 shadow dragons
  9 nagarajas
  3 iron dragons
  4 draconian knights
  8 fire giants
  An emperor scorpion (Depths:3)
  3 deep elf sorcerers
  19 vault wardens
  7 deep elf elementalists
  7 frost giants
  An angel (WizLab)
  A draconian scorcher (Zot:2)
  5 ghost moths
  A draconian shifter (Zot:2)
  Louise (Snake:4)
  13 ironbound preservers
  A ghoul (Swamp:2)
  6 caustic shrike skeletons (Depths:3)
  3 war gargoyles
  4 formless jellyfish
  6 draconian annihilators
  14 ironbound thunderhulks
  9 stone giants
  3 very ugly things
  A demonspawn corrupter (D:7)
  Nessos (D:13)
  7 spriggan defenders
  5 draconian stormcallers
  A vampire knight (Depths:4)
  5 red draconians
  4 black draconians
  13 white draconians
  9 deep elf annihilators
  6 bunyips
  7 purple draconians
  A minotaur (Gauntlet)
  8 yellow draconians
  3 deep elf demonologists
  5 spark wasps (Depths:2)
  9 green draconians
  7 eleionomae
  20 dire elephants
  2 eidola (Vaults:1)
  A blizzard demon (Depths:4)
  8 deep elf death magi
  16 ettins
  7 fire dragons
  3 shambling mangroves
  2 crystal guardians
  Josephine (D:11)
  10 great orbs of eyes
  5 deep elf high priests
  14 yaktaur captains
  2 entropy weavers
  31 vault guards
  An ogre mage (Vaults:5)
  2 salamander tyrants (Snake:4)
  20 hydras
  8 spriggan air magi
  9 peacekeepers
  10 centaur warriors
  2 rakshasas (Depths:1)
  6 alligators
  Erica (D:8)
  12 ice dragons
  A hell beast (Depths:1)
  A ghost crab (Swamp:2)
  A merfolk avatar (Lair:5)
  6 ironbound frosthearts
  15 anacondas
  A catoblepas (Lair:1)
  A boulder beetle (shapeshifter) (Vaults:5)
  13 death yaks
  12 deep troll earth magi
  6 deep troll shamans
  6 boulder beetles
  16 dancing weapons
  3 vampire magi
  9 orc high priests
  4 tengu warriors
  An occultist (Depths:3)
  12 spriggan berserkers
  Urug (D:13)
  8 shock serpents
  21 naga warriors
  9 hell knights
  12 naga sharpshooters
  11 deep elf knights
  65 spriggans
  A soul eater (D:6)
  11 sun demons
  A sixfirhy (Depths:2)
  4 skeletal warriors
  4 salamander mystics
  5 skysharks
  8 sea snakes
  13 iron trolls
  10 goliath frogs
  A flayed ghost (Depths:2)
  An obsidian statue (Zig:3)
  Lodul (D:13)
  4 bog bodies
  10 spriggan druids
  9 naga ritualists
  49 deep trolls
  9 swamp dragons
  4 glowing orange brains
  2 shadow demons
  3 arcanists
  20 ironbound convokers
  5 lindwurms
  9 harpies
  12 deep elf archers
  4 orc knights
  A phantasmal warrior (Vaults:3)
  19 deep elf pyromancers
  A wolf spider (Vaults:5)
  16 deep elf zephyrmancers
  2 necromancers
  2 oklob plants
  2 will-o-the-wisps
  3 orc sorcerers (Orc:1)
  2 shining eyes (Depths:1)
  28 ugly things
  15 mana vipers
  33 moths of wrath
  5 manticores
  9 guardian serpents
  A rust devil (D:1)
  7 cyclopes
  23 salamanders
  16 naga magi
  14 elephants
  31 black mambas
  26 vault sentinels
  An orange demon (Zot:1)
  9 gargoyles
  3 kobold demonologists (D:12)
  A torpor snail (Lair:2)
  3 eyes of devastation
  2 molten gargoyles (WizLab)
  7 cane toads
  9 komodo dragons
  8 rime drakes
  A komodo dragon (shapeshifter) (Vaults:5)
  3 freezing wraiths
  3 efreet
  3 unseen horrors
  4 tengu conjurers
  37 yaktaurs
  5 trolls
  4 polar bears
  A bloated husk (Swamp:2)
  45 hornets
  6 meliai
  A wind drake (shapeshifter) (Depths:3)
  12 tyrant leeches
  3 glass eyes
  A tarantella (Vaults:5)
  5 blink frogs (Lair:2)
  11 dream sheep (Lair:2)
  36 slime creatures
  Sigmund (D:6)
  A flying skull (Vaults:3)
  A jumping spider (Gauntlet)
  8 wraiths
  A culicivora (Vaults:3)
  4 shadows
  4 air elementals
  43 yaks
  An elf simulacrum (Vaults:3)
  4 water elementals
  6 wyverns
  6 fire elementals
  3 large abominations
  A hog (shapeshifter) (Vaults:5)
  2 basilisks
  12 vampire mosquitoes
  16 humans (D:13)
  6 redbacks
  4 steam dragons
  7 wargs (Orc:2)
  46 nagas
  23 swamp worms
  10 water moccasins
  An acid dragon (D:10)
  24 orc warriors
  8 swamp drakes
  2 ice beasts
  A sky beast (shapeshifter) (Vaults:5)
  A black bear (D:7)
  5 ogres
  15 wolves
  3 centaurs
  A phantom (D:5)
  Blork the orc (D:4)
  14 bullfrogs
  6 small abominations (Gauntlet)
  2 kobold brigands (D:12)
  A glowing shapeshifter simulacrum (Vaults:2)
  A gnoll sergeant (D:6)
  11 earth elementals
  5 scorpions
  3 wights (D:9)
  5 spriggan skeletons (D:13)
  A troll skeleton (D:13)
  4 electric eels
  3 howler monkeys
  A centaur zombie (D:7)
  3 hounds (D:6)
  36 orc priests
  5 jellies
  Natasha (thrice) (D:4)
  A sleepcap (D:5)
  A gnoll bouda (D:5)
  4 iguanas
  14 orc wizards
  2 lightning spires (WizLab)
  2 killer bee zombies (D:7)
  An ogre zombie (D:7)
  4 mummies
  Robin (D:2)
  8 gnolls
  6 adders
  6 white imps
  2 ufetubi (D:5)
  3 worms
  6 dart slugs
  80 orcs
  8 endoplasms
  6 giant cockroaches
  15 hobgoblins
  4 jackals (D:2)
  2 quokkas
  9 ball pythons
  6 bats
  3 frilled lizards
  19 goblins
  4 hobgoblin zombies (Ossuary)
  9 kobolds
  3 kobold zombies (Ossuary)
  4 rats
2101 creatures vanquished.

Vanquished Creatures (collateral kills)
  A frost giant (Vaults:5)
  A hydra (Swamp:4)
  A swamp dragon (Swamp:4)
  A salamander (Snake:4)
4 creatures vanquished.

Vanquished Creatures (others)
  A tengu reaver (Vaults:5)
  A war gargoyle (WizLab)
  A deep elf annihilator (Elf:3)
  A spriggan druid (Swamp:4)
  A hornet (Depths:3)
  4 foxfires (Swamp:4)
9 creatures vanquished.

Grand Total: 2114 creatures vanquished

Notes
Turn   | Place    | Note
-------+----------+-------------------------------------------
     0 | D:1      | UnitStreak the Demigod Hunter began the quest for the Orb.
     0 | D:1      | Reached XP level 1. HP: 17/17 MP: 3/3
    19 | D:1      | Got the Parchment of White Conduction
   133 | D:1      | Reached XP level 2. HP: 24/24 MP: 4/4
   696 | D:1      | Reached XP level 3. HP: 30/30 MP: 5/5
  1028 | D:2      | Noticed Robin
  1044 | D:2      | Killed Robin
  1048 | D:2      | Reached XP level 4. HP: 14/37 MP: 6/6
  1489 | D:3      | Reached skill level 5 in Ranged Weapons
  2135 | D:4      | Reached XP level 5. HP: 45/45 MP: 7/7
  2195 | D:4      | Found a staircase to the Ecumenical Temple.
  2487 | D:4      | You fall into a shaft and drop 1 floor!
  2487 | D:5      | Identified the "Zoshruoto"
  2487 | D:5      | Entered Level 5 of the Dungeon
  2595 | D:4      | Noticed Natasha
  2597 | D:4      | Killed Natasha
  2598 | D:4      | Reached XP level 6. HP: 52/52 MP: 8/8
  2914 | D:4      | Noticed Blork the orc
  2923 | D:4      | Killed Blork the orc
  2958 | D:4      | Found a runed translucent door.
  3042 | D:4      | Noticed ooops's ghost (novice OpCj)
  3187 | D:4      | Noticed Natasha
  3197 | D:4      | Killed Natasha
  3480 | D:5      | Reached XP level 7. HP: 34/60 MP: 6/9
  4148 | D:6      | Noticed Sigmund
  4152 | D:6      | Killed Sigmund
  4153 | D:6      | Reached skill level 5 in Fighting
  4484 | D:6      | Noticed Edmund
  4504 | D:6      | Reached XP level 8. HP: 39/69 MP: 6/10
  4504 | D:6      | Edmund changed into Edmund the ice beast
  4504 | D:6      | Noticed Edmund
  4512 | D:6      | Killed Edmund the ice beast
  5233 | D:6      | Found a runed translucent door.
  5234 | D:6      | Noticed Crazy Yiuf
  5437 | D:7      | Found a sand-covered staircase.
  5452 | Ossuary  | Entered an ossuary
  6114 | D:7      | Reached skill level 10 in Ranged Weapons
  6117 | D:7      | Reached XP level 9. HP: 78/78 MP: 11/11
  6546 | D:8      | Found Eqakk's Weapon Boutique.
  6572 | D:8      | Bought a +2 heavy orcbow for 237 gold pieces
  6608 | D:8      | Noticed Erica
  6615 | D:8      | Killed Erica
  6818 | D:8      | Found a runed translucent door.
  6822 | D:8      | Noticed Bronneh's ghost (novice OgIE)
  6889 | D:8      | Noticed a rime drake
  6890 | D:8      | Noticed a rime drake
  6894 | D:8      | Killed a rime drake
  6895 | D:8      | Killed a rime drake
  6910 | D:8      | Found the +4 skin of Zhor {*Englaciate rC+++ SInv}
  7089 | D:8      | Reached XP level 10. HP: 79/88 MP: 13/13
  7484 | D:9      | Identified the +7 halberd "Beetleslayer" {flame, MP+9}
  7892 | D:9      | Found a staircase to the Lair.
  8326 | D:10     | Entered Level 10 of the Dungeon
  8326 | D:10     | Found Tiriu's Elemental Accessories.
  8390 | D:10     | Found a staircase to the Orcish Mines.
  8455 | D:10     | Found Reomir's Assorted Antiques.
  8463 | D:10     | Bought a glowing cloak for 217 gold pieces
  8501 | D:10     | Found a flagged portal.
  8520 | Bailey   | Entered a bailey
  8760 | Bailey   | Noticed an orc knight
  8951 | Bailey   | Killed an orc knight
  9005 | Bailey   | Acquired the +27 heavy crossbow "Sniper" {heavy, Acc+∞
                  | SInv}
  9005 | Bailey   | Found the +27 heavy crossbow "Sniper" {heavy, Acc+∞ SInv}
  9461 | Gauntlet | Identified the "Weedemn"
  9461 | Gauntlet | Identified the "Pylaosug"
  9548 | D:11     | Noticed a cyan ugly thing
  9551 | D:11     | Killed a cyan ugly thing
  9552 | D:11     | Reached XP level 11. HP: 99/99 MP: 14/14
  9577 | D:11     | Found a gate leading to a gauntlet.
  9587 | Gauntlet | Entered a Gauntlet
  9587 | Gauntlet | Found a transporter.
  9587 | Gauntlet | Found a transporter.
  9591 | Gauntlet | Found a transporter.
  9591 | Gauntlet | Found a transporter.
  9597 | Gauntlet | Noticed a blizzard demon
  9600 | Gauntlet | Noticed an entropy weaver
  9603 | Gauntlet | Found a transporter.
  9607 | Gauntlet | Noticed a sun demon
  9611 | Gauntlet | Found a transporter.
  9611 | Gauntlet | Found a transporter.
  9629 | Gauntlet | Found a transporter.
  9636 | Gauntlet | Found a transporter.
  9648 | Gauntlet | Found a transporter.
  9666 | Gauntlet | Found a transporter.
  9692 | Gauntlet | Found a large runed translucent door.
  9712 | Gauntlet | Found a transporter.
  9727 | Gauntlet | Found a transporter.
  9729 | Gauntlet | Found a large runed translucent door.
  9729 | Gauntlet | Found a large runed translucent door.
  9730 | Gauntlet | Found a large runed translucent door.
  9730 | Gauntlet | Found a large runed translucent door.
  9731 | Gauntlet | Found a runed translucent door.
  9731 | Gauntlet | Found a large runed translucent door.
  9731 | Gauntlet | Found a runed translucent door.
  9731 | Gauntlet | Found a large runed translucent door.
  9731 | Gauntlet | Found a large runed translucent door.
  9732 | Gauntlet | Found a large runed translucent door.
  9732 | Gauntlet | Found a large runed translucent door.
  9735 | Gauntlet | Found a large runed translucent door.
  9735 | Gauntlet | Found a large runed translucent door.
  9737 | Gauntlet | Found a large runed translucent door.
  9737 | Gauntlet | Found a large runed translucent door.
  9737 | Gauntlet | Found a large runed translucent door.
  9739 | Gauntlet | Found a runed translucent gate.
  9739 | Gauntlet | Found a runed translucent gate.
  9739 | Gauntlet | Found a runed translucent gate.
  9741 | Gauntlet | Noticed a hell hog
  9741 | Gauntlet | Found a transporter.
  9752 | Gauntlet | Found a large runed translucent door.
  9842 | Gauntlet | Found a transporter.
  9858 | Gauntlet | Found a transporter.
  9985 | Gauntlet | Killed an entropy weaver
  9986 | Gauntlet | Reached skill level 10 in Fighting
 10031 | Gauntlet | Identified the +0 hat of the Robin {Will- Dex+5}
 10129 | Gauntlet | Noticed a minotaur
 10153 | Gauntlet | Killed a minotaur
 10356 | D:11     | Noticed Josephine
 10370 | D:11     | Killed Josephine
 10517 | D:11     | Reached skill level 15 in Ranged Weapons
 10584 | D:11     | Noticed a centaur warrior
 10586 | D:11     | Killed a centaur warrior
 10695 | Orc:1    | Entered Level 1 of the Orcish Mines
 10790 | Orc:2    | Entered Level 2 of the Orcish Mines
 10855 | Orc:2    | Found Aluotic's General Store.
 10858 | Orc:2    | Bought a potion of mutation for 112 gold pieces
 10906 | Orc:2    | Found Haod's CLEARANCE SALE!.
 10909 | Orc:2    | Bought a scroll of immolation for 16 gold pieces
 10909 | Orc:2    | Bought a scroll of identify for 8 gold pieces
 10913 | Orc:2    | Found a staircase to the Elven Halls.
 11003 | Orc:1    | Reached XP level 12. HP: 110/110 MP: 15/15
 11464 | Orc:2    | Found Jimutu's Distillery.
 11464 | Orc:2    | Found Zougeudynk's Antique Weapon Shoppe.
 11494 | Orc:2    | Bought a potion of haste for 110 gold pieces
 11494 | Orc:2    | Bought a potion of heal wounds for 55 gold pieces
 11494 | Orc:2    | Bought a potion of lignification for 33 gold pieces
 11494 | Orc:2    | Bought a potion of cancellation for 88 gold pieces
 11494 | Orc:2    | Bought a potion of curing for 33 gold pieces
 11494 | Orc:2    | Bought a potion of heal wounds for 55 gold pieces
 11494 | Orc:2    | Bought a potion of degeneration for 11 gold pieces
 11640 | Orc:2    | Found Ykum's Weapon Boutique.
 11640 | Orc:2    | Found Woustav's Weapon Shoppe.
 11823 | Lair:1   | Entered Level 1 of the Lair of Beasts
 12097 | Lair:1   | Noticed a catoblepas
 12099 | Lair:1   | Killed a catoblepas
 12357 | Lair:1   | Found the +8 longbow "Zephyr" {speed, Dex+3 SInv}
 12471 | Lair:2   | Reached XP level 13. HP: 119/119 MP: 16/16
 12782 | Lair:2   | Found a staircase to the Snake Pit.
 13125 | Lair:3   | Found a staircase to the Swamp.
 13722 | Lair:4   | Found a staircase to the Slime Pits.
 14147 | Lair:5   | Entered Level 5 of the Lair of Beasts
 14169 | Lair:5   | Identified the +2 chain mail "Utuss" {Fly rN+++ Str-5
                  | Int+2}
 14314 | Lair:5   | Noticed Rupert
 14326 | Lair:5   | Killed Rupert
 14460 | Lair:5   | Reached XP level 14. HP: 130/130 MP: 17/17
 14572 | Lair:5   | Identified the +5 sling "Siurywni" {flame, Will+ rCorr
                  | Str-4 SInv}
 15432 | D:12     | Found a runed translucent door.
 15436 | D:12     | Noticed a tengu reaver
 15730 | D:12     | Noticed a fire giant
 15734 | D:12     | Noticed a sphinx
 15743 | D:12     | Killed a sphinx
 15887 | D:12     | Killed a fire giant
 16078 | D:13     | Noticed Nessos
 16083 | D:13     | Noticed Urug
 16085 | D:13     | Killed Nessos
 16109 | D:13     | Killed Urug
 16149 | D:13     | Noticed Lodul
 16152 | D:13     | Found a gate to the Vaults.
 16156 | D:13     | Killed Lodul
 16286 | D:13     | Reached skill level 15 in Fighting
 16711 | D:14     | Reached XP level 15. HP: 141/141 MP: 18/18
 17770 | Snake:1  | Entered Level 1 of the Snake Pit
 18033 | Snake:1  | Noticed Jorgrun
 18250 | Snake:1  | Found Foqahumo's Antique Weapon Boutique.
 18250 | Snake:1  | Found Seveskis's Magic Scroll Shop.
 18251 | Snake:1  | Found Qyic's Book Boutique.
 18255 | Snake:1  | Found Kyatt's Book Shop.
 18264 | Snake:1  | Bought a scroll of revelation for 112 gold pieces
 18264 | Snake:1  | Bought a scroll of acquirement for 780 gold pieces
 18264 | Snake:1  | Acquired 832 gold pieces
 18311 | Snake:1  | Killed Jorgrun
 18744 | Snake:2  | Noticed a nagaraja
 18748 | Snake:1  | Killed a nagaraja
 18835 | Snake:2  | Noticed a nagaraja
 18837 | Snake:2  | Killed a nagaraja
 19026 | Snake:2  | Found Jiuwnaett's Weapon Shoppe.
 19040 | Snake:2  | Identified the serpent talisman of the Mind {Will+}
 19040 | Snake:2  | Noticed Aizul
 19052 | Snake:2  | Acquired the +2 pair of boots of Haxkewn {Str+4 Int+4
                  | Stlth-}
 19059 | Snake:2  | Acquired the ring "Busibral" {rF+ rC+}
 19061 | Snake:2  | Acquired a manual of Fighting
 19280 | Snake:3  | Found Vocimotei's Weapon Shop.
 19328 | Snake:2  | Killed Aizul
 19537 | Snake:3  | Reached XP level 16. HP: 152/152 MP: 19/19
 19566 | Snake:3  | Found Sieh's General Store.
 19576 | Snake:3  | Bought a potion of haste for 190 gold pieces
 19694 | Snake:3  | Found Viriaxes's Antique Weapon Boutique.
 19697 | Snake:3  | Found Ciseur's Assorted Antiques.
 19706 | Snake:3  | Bought a scroll of teleportation for 60 gold pieces
 19706 | Snake:3  | Bought an encrusted plate armour for 560 gold pieces
 19706 | Snake:3  | Identified the +1 plate armour of the Sea {Drain rF- Dex+8
                  | SInv} (You bought it in a shop on level 3 of the Snake Pit)
 19706 | Snake:3  | Bought a scroll of teleportation for 60 gold pieces
 19824 | Snake:3  | Found Orcha's Book Boutique.
 20283 | Snake:4  | Entered Level 4 of the Snake Pit
 20298 | Snake:4  | Noticed Agnes
 20300 | Snake:4  | Killed Agnes
 20391 | Snake:4  | Noticed Louise
 20392 | Snake:4  | Killed Louise
 20572 | Snake:4  | Noticed Vashnia
 20580 | Snake:4  | Killed Vashnia
 21053 | Snake:4  | Identified the +3 dagger "Killer Bee's Foe" {holy, rC+ rN+
                  | Stlth+}
 21191 | Snake:4  | Got a serpentine rune of Zot
 21488 | Crypt:3  | Identified the "Cuddideg"
 21488 | Depths:3 | Identified the "Doutt"
 21488 | Depths:4 | Identified the "Maifio Xena"
 21488 | Elf:1    | Entered Level 1 of the Elven Halls
 21498 | Elf:1    | Reached XP level 17. HP: 142/166 MP: 20/20
 21500 | Elf:1    | Reached skill level 1 in Armour
 21883 | Elf:1    | Reached skill level 5 in Armour
 22335 | Elf:1    | Found a runed translucent gate.
 22335 | Elf:1    | Found a runed translucent gate.
 22335 | Elf:1    | Found a runed translucent gate.
 22335 | Elf:1    | Found a runed translucent gate.
 22335 | Elf:1    | Found a runed translucent gate.
 22344 | Elf:1    | Found a runed translucent gate.
 22736 | Elf:2    | Found Caecegu's Jewellery Shop.
 22736 | Elf:2    | Found Orchoazyrch's Book Emporium.
 22743 | Elf:2    | Found Nabi's Jewellery Shop.
 22753 | Elf:2    | Bought the ring "Vitihik" {rN++ EV+5 Str-4} for 811 gold
                  | pieces
 22886 | Elf:2    | Found a runed translucent gate.
 22887 | Elf:2    | Found a runed translucent gate.
 22887 | Elf:2    | Found a runed translucent gate.
 23293 | Elf:3    | Identified the "Pasheh"
 23293 | Elf:3    | Identified the "Cugre"
 23293 | Elf:3    | Entered Level 3 of the Elven Halls
 23471 | Elf:3    | Paralysed by an air elemental for 1 turns
 23691 | Elf:3    | Reached skill level 5 in Dodging
 23712 | Elf:3    | Noticed a deep elf blademaster
 23714 | Elf:3    | Killed a deep elf blademaster
 23716 | Elf:3    | Noticed a deep elf blademaster
 23723 | Elf:3    | Killed a deep elf blademaster
 23937 | Elf:3    | Identified the +4 spear of Watchfulness {pain, rPois rF+
                  | MP+9}
 23939 | Elf:3    | Reached XP level 18. HP: 173/173 MP: 21/21
 23960 | Elf:3    | Identified the +1 hand cannon of Ahoadeb {freeze, rN+ Str+2
                  | Int-3 Stlth+}
 23971 | Elf:3    | Identified the +3 chain mail of Weirdness {rElec Str+4
                  | Slay+2}
 23977 | Elf:3    | Identified the ring of Beauty {rF+ Str+3 Dex+6 SInv}
 23989 | Elf:3    | Identified the staff of Peril {rElec rN+ MP+9 Str+3 Earth}
 24031 | Elf:3    | Identified the staff "Qefuq" {rC+ Dex+3 Ice Earth}
 24144 | Elf:3    | Identified the staff of Ciagh {rPois rF+ Poison}
 24145 | Elf:3    | Identified the +1 sling "Sysahirr" {antimagic, rF+ rN+}
 24157 | Elf:3    | Identified the +1 chain mail of Life {Int+2}
 24441 | Swamp:1  | Entered Level 1 of the Swamp
 24765 | Elf:2    | Bought a ring of flight for 210 gold pieces
 25242 | Swamp:1  | Reached skill level 10 in Dodging
 25530 | Swamp:2  | Noticed a tentacled monstrosity
 25532 | Swamp:2  | Killed a tentacled monstrosity
 26107 | Swamp:4  | Entered Level 4 of the Swamp
 26140 | Swamp:4  | Noticed a tentacled monstrosity
 26141 | Swamp:4  | Noticed Bai Suzhen
 26142 | Swamp:4  | Killed a tentacled monstrosity
 26144 | Swamp:4  | Killed Bai Suzhen
 26223 | Swamp:4  | Noticed Mara
 26227 | Swamp:4  | Noticed UnitStreak's illusion
 26235 | Swamp:4  | Killed Mara
 26489 | Swamp:4  | Got a decaying rune of Zot
 26926 | Vaults:1 | Entered Level 1 of the Vaults
 27186 | Vaults:1 | Reached XP level 19. HP: 164/181 MP: 22/22
 27368 | Vaults:1 | Found Hioroygy's Distillery.
 27376 | Vaults:1 | Bought a potion of ambrosia for 112 gold pieces
 27376 | Vaults:1 | Bought 2 potions of cancellation for 224 gold pieces
 27376 | Vaults:1 | Bought a potion of mutation for 112 gold pieces
 27376 | Vaults:1 | Bought a potion of haste for 140 gold pieces
 27376 | Vaults:1 | Bought a potion of cancellation for 112 gold pieces
 27423 | Vaults:1 | Reached skill level 15 in Dodging
 28002 | Vaults:2 | Paralysed by a formless jellyfish for 1 turns
 28273 | Vaults:2 | Reached skill level 1 in Shields
 28357 | Vaults:2 | Reached skill level 5 in Shields
 28676 | Vaults:2 | Found the +18 shield of the Gong {Loud rN+ Will+ rCorr
                  | EV-5}
 29027 | Vaults:3 | Found a staircase to the Crypt.
 29101 | Vaults:3 | Reached skill level 10 in Shields
 29206 | Vaults:3 | Found Voutoi's Armour Shoppe.
 29242 | Vaults:3 | Found a magical portal.
 29251 | WizLab   | Entered Maxwell's Workshop
 29293 | WizLab   | Identified the ring "Unaleda" {Ice Will+ SInv}
 29432 | WizLab   | Identified the ring "Kirep" {Fire Drain Int+3 Slay+3 SInv}
 29449 | WizLab   | Noticed an electric golem
 29452 | WizLab   | Killed an electric golem
 29453 | WizLab   | Reached XP level 20. HP: 132/189 MP: 24/24
 29505 | WizLab   | Identified the +1 leather armour of Arcadian Salvation
                  | {rPois rN+ Str-2}
 29518 | WizLab   | Identified the amulet of Qiepp {Spirit Harm rPois rN+
                  | Str+4}
 29522 | WizLab   | Identified the +4 robe of Focus {Harm rElec rF- Int+5}
 30459 | Vaults:4 | Found a huge runed gate.
 30459 | Vaults:4 | Found a huge runed gate.
 30459 | Vaults:4 | Found a huge runed gate.
 30459 | Vaults:4 | Found a huge runed gate.
 30460 | Vaults:4 | Found a huge runed gate.
 30460 | Vaults:4 | Found a huge runed gate.
 30460 | Vaults:4 | Found a huge runed gate.
 30460 | Vaults:4 | Found a huge runed gate.
 30462 | Vaults:4 | Found a huge runed gate.
 30462 | Vaults:4 | Found a huge runed gate.
 30462 | Vaults:4 | Found a huge runed gate.
 30462 | Vaults:4 | Found a huge runed gate.
 30462 | Vaults:4 | Found a huge runed gate.
 30463 | Vaults:4 | Found a huge runed gate.
 30464 | Vaults:4 | Found a huge runed gate.
 30465 | Vaults:4 | Found a huge runed gate.
 30466 | Vaults:4 | Found a huge runed gate.
 30487 | Vaults:4 | Found a huge runed gate.
 30487 | Vaults:4 | Found a huge runed gate.
 30487 | Vaults:4 | Found a huge runed gate.
 30487 | Vaults:4 | Found a huge runed gate.
 30487 | Vaults:4 | Found a huge runed gate.
 30487 | Vaults:4 | Found a huge runed gate.
 30488 | Vaults:4 | Found a huge runed gate.
 30489 | Vaults:4 | Found a huge runed gate.
 30490 | Vaults:4 | Found a huge runed gate.
 30498 | Vaults:4 | Found a huge runed gate.
 30498 | Vaults:4 | Found a huge runed gate.
 30498 | Vaults:4 | Found a huge runed gate.
 30498 | Vaults:4 | Found a huge runed gate.
 30498 | Vaults:4 | Found a huge runed gate.
 30498 | Vaults:4 | Found a huge runed gate.
 30499 | Vaults:4 | Found a huge runed gate.
 30612 | Vaults:4 | Reached skill level 15 in Shields
 30622 | Vaults:4 | Found a huge runed gate.
 30623 | Vaults:4 | Found a huge runed gate.
 30631 | Vaults:4 | Found a huge runed gate.
 30760 | Vaults:4 | Noticed Boris
 30773 | Vaults:4 | Killed Boris
 30946 | Vaults:4 | Identified the +6 scale mail of the Other Side {rCorr}
 30965 | Vaults:4 | Found Betwash's Armour Shoppe.
 31388 | Vaults:5 | Entered Level 5 of the Vaults
 31390 | Vaults:5 | Noticed an ancient lich
 31447 | Vaults:5 | Killed an ancient lich
 31542 | Vaults:5 | Identified the +8 trident of Umoe {flame, rElec Will++
                  | rCorr}
 31576 | Vaults:5 | Reached XP level 21. HP: 138/201 MP: 25/25
 31931 | Vaults:5 | Noticed Boris
 31942 | Vaults:5 | Identified the +6 flail of the Screaming Asp {flame, rElec
                  | Str-3 Int+9 Dex-2}
 32040 | Vaults:5 | Identified the +2 plate armour of Gestures {rF+ Str+3}
 32121 | Vaults:5 | Identified the ring "Diesimu" {rPois rN+ Str-3 Int+5}
 32307 | Vaults:5 | Got a silver rune of Zot
 32309 | Vaults:5 | Reached XP level 22. HP: 213/213 MP: 26/26
 32859 | Vaults:5 | Killed Boris
 32870 | Vaults:5 | Identified the +0 chain mail of Negligence {Drain rN+ SInv}
 33602 | D:15     | Entered Level 15 of the Dungeon
 34068 | D:15     | Found a staircase to the Depths.
 34243 | Depths:1 | Entered Level 1 of the Depths
 34441 | Depths:1 | Noticed Boris
 34449 | Depths:1 | Killed Boris
 34529 | Depths:1 | Found a gateway to Hell.
 34529 | Depths:1 | Gained mutation: Your spells are a little easier to cast,
                  | but a little less powerful. [a shining eye]
 35286 | Depths:1 | Found Joblikox's General Store.
 35294 | Depths:1 | You fall into a shaft and drop 1 floor!
 35414 | Depths:2 | Noticed Boris
 35424 | Depths:2 | Killed Boris
 35674 | Depths:3 | Reached XP level 23. HP: 211/223 MP: 27/27
 36021 | Depths:3 | Found a one-way gate to the infinite horrors of the Abyss.
 36500 | Depths:2 | Found a one-way gate leading to the halls of Pandemonium.
 36562 | Depths:2 | Reached skill level 10 in Armour
 36691 | Depths:2 | Identified the ring of Rubuc {Wiz rElec rC- rCorr Int+3}
 37735 | Depths:3 | Noticed the Enchantress
 37738 | Depths:3 | Identified the +7 giant club of the Hidden Vale {freeze,
                  | rC- Str+2 Stlth+}
 37738 | Depths:3 | Identified the +5 giant club of Entrepreneurial Spirit
                  | {vamp, Fly rPois Str+3}
 37739 | Depths:3 | Killed the Enchantress
 37904 | Depths:3 | Identified the +1 hat "Inin" {rPois rCorr Str-3 Stlth+}
 38226 | Depths:4 | Entered Level 4 of the Depths
 38437 | Depths:4 | Found a one-way gateway to a ziggurat.
 38453 | Depths:4 | Noticed a juggernaut
 38462 | Depths:4 | Killed a juggernaut
 38950 | Depths:4 | Reached skill level 15 in Armour
 39005 | Depths:4 | Found a gate to the Realm of Zot.
 39234 | Slime:5  | Identified the "Keosokh"
 39234 | Tar:7    | Identified the "Ciusior"
 39234 | Tar:7    | Identified the of Plog
 39234 | Coc:7    | Identified the "Umegg"
 39234 | Dis:7    | Identified the "Weucsei"
 39234 | Dis:7    | Identified the of Qothaid
 39234 | Zig:1    | Entered Level 1 of a ziggurat
 39253 | Zig:2    | Entered Level 2 of a ziggurat
 39269 | Zig:2    | Identified the ring "Zeiptorph" {Str+3 Dex+6 Stlth+}
 39273 | Zig:3    | Entered Level 3 of a ziggurat
 39278 | Zig:3    | Noticed an ancient lich
 39585 | Zot:1    | Entered Level 1 of the Realm of Zot
 39588 | Zot:1    | Reached XP level 24. HP: 229/230 MP: 27/27
 39669 | Zot:1    | Noticed an orb of fire
 39671 | Zot:1    | Killed an orb of fire
 39827 | Zot:1    | Identified the +0 chain mail of the Arcane {Will+}
 40293 | Zot:2    | Noticed Vv
 40415 | Zot:2    | Killed Vv
 40910 | Zot:3    | Noticed an orb of fire
 40916 | Zot:3    | Killed an orb of fire
 41542 | Zot:4    | Identified the +9 arbalest of the Blushing Gods {freeze,
                  | *Corrode Will+++ MP-9 Int+3}
 41757 | Zot:4    | Noticed a Killer Klown
 41764 | Zot:4    | Killed a Killer Klown
 41951 | Zot:5    | Entered Level 5 of the Realm of Zot
 42084 | Zot:5    | Noticed a Killer Klown
 42090 | Zot:5    | Killed a Killer Klown
 42345 | Zot:5    | Noticed a Killer Klown
 42363 | Zot:5    | Killed a Killer Klown
 42374 | Zot:5    | Reached XP level 25. HP: 246/246 MP: 27/27
 42492 | Zot:5    | Noticed an orb of fire
 42494 | Zot:5    | Gained mutation: You have hidden genetic defects. [an orb
                  | of fire]
 42495 | Zot:5    | Killed an orb of fire
 42500 | Zot:5    | Noticed an ancient lich
 42501 | Zot:5    | Noticed an ancient lich
 42503 | Zot:5    | Noticed an orb of fire
 42504 | Zot:5    | Killed an ancient lich
 42505 | Zot:5    | Killed an ancient lich
 42505 | Zot:5    | Gained mutation: Your body sometimes deteriorates upon
                  | taking damage. [an orb of fire]
 42508 | Zot:5    | Noticed an ancient lich
 42613 | Zot:5    | Noticed a dread lich
 42615 | Zot:5    | Killed an orb of fire
 42616 | Zot:5    | Killed a dread lich
 42693 | Zot:5    | Noticed a dread lich
 42695 | Zot:5    | Killed a dread lich
 42739 | Zot:5    | Noticed an ancient lich
 42740 | Zot:5    | Noticed an orb of fire
 42741 | Zot:5    | Gained mutation: You sometimes lose your temper in combat.
                  | [hidden defects]
 42743 | Zot:5    | Killed an ancient lich
 42769 | Zot:5    | Lost mutation: Your body sometimes deteriorates upon taking
                  | damage. [potion of mutation]
 42769 | Zot:5    | Lost mutation: You sometimes lose your temper in combat.
                  | [potion of mutation]
 42769 | Zot:5    | Gained mutation: You have large cloven feet. [potion of
                  | mutation]
 42769 | Zot:5    | Gained mutation: You have sharp fingernails. [potion of
                  | mutation]
 42769 | Zot:5    | Lost mutation: You have large cloven feet. [potion of
                  | mutation]
 42769 | Zot:5    | Gained mutation: You have a pair of small horns on your
                  | head. [potion of mutation]
 42770 | Zot:5    | Lost mutation: Your spells are a little easier to cast, but
                  | a little less powerful. [potion of mutation]
 42770 | Zot:5    | Lost mutation: You have a pair of small horns on your head.
                  | [potion of mutation]
 42770 | Zot:5    | Gained mutation: Your system is resistant to poisons.
                  | (rPois) [potion of mutation]
 42770 | Zot:5    | Gained mutation: You are agile. (Dex +4, Str/Int -1)
                  | [potion of mutation]
 42770 | Zot:5    | Gained mutation: You are very agile. (Dex +8, Str/Int -2)
                  | [potion of mutation]
 42770 | Zot:5    | Lost mutation: You have hidden genetic defects. [potion of
                  | mutation]
 42824 | Zot:5    | Noticed an orb of fire
 42825 | Zot:5    | Killed an orb of fire
 42844 | Zot:5    | Noticed an ancient lich
 42845 | Zot:5    | Killed an ancient lich
 42854 | Zot:5    | Killed an ancient lich
 42890 | Zot:5    | Got the Orb of Zot
 43105 | D:15     | Noticed Nudwosmi the pandemonium lord
 43377 | D:4      | Noticed Natasha
 43378 | D:4      | Killed Natasha
 43437 | D:3      | Noticed Boris
 43438 | D:3      | Killed Boris
 43492 | D:$      | Escaped with the Orb!

Illustrated notes

Levels and vault maps discovered:
D:1:      orjb1_lava_funnel, layout_basic
D:2:      layout_basic, serial_bayou_crossing, uniq_robin
D:3:      cheibrodos_greedy_goblins, layout_basic
D:4:      minmay_door_path, layout_basic, minmay_temple_entry_ruins,
          ebering_ghost_reflecting_pool, uniq_blork_the_orc, uniq_natasha
D:5:      layout_loops_ring, marbit_many_paths, mainiacjoe_overflow_24_doors
D:6:      layout_layer_cave, chequers_serial_rivers_room_b, st_stairs_12,
          uniq_edmund, uniq_crazy_yiuf_cottage, uniq_sigmund
D:7:      layout_gridville, nicolae_overflow_crystal_walls,
          chequers_ossuary_entry_cave, minmay_mini_ossuary
D:8:      layout_basic, lemuel_doored_altar, serial_shops,
          nicolae_shop_gibbet_a_chance, ebering_ghost_reflecting_pool,
          serial_glass, glass_columns_b, glass_columns_a, glass_columns_b,
          glass_columns_b, glass_columns_c, glass_columns_a,
          nicolae_water_bricks, hellmonk_guarded_unrand_zhor, uniq_erica
D:9:      layout_layer_cave, nicolae_overflow_hallway_of_the_gods,
          lair_entry_dummy
D:10:     minmay_weird_star, layout_basic, ashenzari_altar_1,
          mainiacjoe_overflow_cross_hatched, orc_0_dummy, serial_shops, shop,
          enter_bailey_5, nicolae_elemental_shop
D:11:     layout_roguey, gauntlet_entry_generic, fiery_altar_vehumet,
          uniq_josephine
D:12:     minmay_the_grid_3x2 [minmay_the_grid_minigrid_medium,
          minmay_the_grid_tree, minmay_the_grid_fan, minmay_the_grid_spin_star,
          minmay_the_grid_small_cups, minmay_the_grid_prize_diamond_cup],
          layout_rooms, minmay_st_funbox, kennysheep_orc_sif_temple
D:13:     layout_loops_cross, david_vaults_3, hangedman_tell_no_tales
D:14:     layout_stronghold, nicolae_the_louvre
D:15:     hangedman_depths_entry_try_elsewhere_first, layout_rooms, tso_altar
Lair:1:   layout_cave_pods, grunt_megastairs_4, serial_bayou_shore_a
Lair:2:   layout_regular_city, alex1729_snake_entry_snake,
          grunt_forest_large_clearings, lemuel_fruit_tree
Lair:3:   wad_woods_04, layout_regular_city, palyth_hydra_swamp_entry,
          infiniplex_staircase_pool
Lair:4:   layout_roguey, minmay_slime_entry_oklob_open,
          chequers_serial_rivers_small_b
Lair:5:   gammafunk_lair_ancient_temple, layout_cave_pods,
          bobbens_ice_dragon_lair, uniq_rupert
Swamp:1:  layout_falls_marsh, hangedman_swamp_blocks,
          infiniplex_staircase_pool_2
Swamp:2:  nzn_winding_woodlands_three_and_one
          [nzn_winding_woodlands_5x15_pathside_ponds,
          nzn_winding_woodlands_5x15_default,
          nzn_winding_woodlands_5x15_pockets,
          nzn_winding_woodlands_center_pierced_h], layout_basic_swamp,
          wheals_swamp_sinkhole
Swamp:3:  layout_falls_marsh, evilmike_swamp_ruin_house_1
Swamp:4:  swamp_alternative, layout_basic_swamp, swamp_pool1, uniq_mara,
          uniq_bai_suzhen
Snake:1:  layout_gridlike, drop_trap, serial_bayou_pond_d, minmay_shoptagon,
          uniq_jorgrun
Snake:2:  layout_misc_corridors, serial_shops, nicolae_take_the_stairs,
          nicolae_snake_guarding_the_ruins, uniq_aizul
Snake:3:  layout_chambers, serial_shops, shop, nicolae_shop_tiny_glass,
          nicolae_shop_real_fake_doors, shop, shop, serial_bayou,
          serial_bayou_pond_d, serial_bayou_ford_a, serial_bayou_pond_a,
          serial_bayou_pond_b, nrook_loot_triangle, st_stairs_13
Snake:4:  grunt_snake_rune_serpentine_throne, layout_rooms, grunt_megastairs_5,
          uniq_agnes, uniq_louise, uniq_vashnia
Orc:1:    layout_caves
Orc:2:    st_orc_town, layout_caves, serial_shops, shop, nicolae_shop_clearance
Elf:1:    eino_elf_arrival_the_gate, layout_loops_corners, orc_legates,
          hangedman_elf_power_crystal
Elf:2:    nicolae_elf_blades_crystal_corner, layout_onion_city, basic_altar,
          minmay_shop_grove
Elf:3:    minmay_elf_hall_furrowed, layout_gridlike, basic_altar
Vaults:1: nicolae_vaults_stand_back, hangedman_vaults_impose, v_misc_19,
          vaults_room_grunt_arrival_ludios, nicolae_vaults_puzzle_piece,
          hangedman_vaults_hat, nicolae_vaults_gold_heap,
          nicolae_vaults_variable_pillar_hall_cross, layout_vaults_omnigrid,
          serial_shops, shop
Vaults:2: nicolae_vaults_little_squares_3, hangedman_vaults_slice,
          v_alt_pattern_2, vaults_room_grid, vaults_room_pool,
          nicolae_vaults_sesquioval_fish, v_misc_27, serial_ice_h,
          hellmonk_guarded_unrand_gong, nicolae_vaults_heart-shaped_vault,
          nicolae_vaults_six-pack, ontoclasm_vaults_idyll,
          vaults_room_stairs_pillars, layout_vaults_ring
Vaults:3: mu_enter_wizlab_3, v_pattern_5, minmay_crypt_entry_simple_box,
          dpeg_vaults_monster_row, grunt_vaults_funnel, vaults_room_semicircle,
          serial_ice_h, nicolae_vaults_diagonal_hallway_6,
          hangedman_vaults_impose, nicolae_vaults_trapezoid_1,
          nicolae_vaults_little_squares_6, nicolae_vaults_house_1,
          layout_vaults_chaotic_city, serial_shops, shop
Vaults:4: ontoclasm_vaults_chip, nicolae_vaults_doubleplus_tesselated,
          v_rooms_2, v_pattern_2, nicolae_vaults_yaktaur_gun_rack, door_vault,
          nicolae_vaults_storage_closets_1, nicolae_vaults_tetromino_Z_1,
          v_misc_17, nicolae_vaults_house_1, vaults_room_door_ring,
          ontoclasm_vaults_tryst, layout_vaults_maze, serial_shops, shop,
          uniq_boris
Vaults:5
Depths:1: layout_gridville, serial_sigils_hangedman_etch, serial_shops, shop,
          nicolae_hell_entry_hellmouth_sunbeams, lemuel_flamethrower_3
Depths:2: minmay_three_patterns, layout_honeycomb, rand_demon_pan_entry_1,
          pf_coc_iceberg
Depths:3: spriggan_forest, abyss_entry, hell_entry
Depths:4: grunt_twist_and_shout, layout_cave_shapes, enter_ziggurat_c,
          minmay_misc_feat_encased, hell_entry
Zot:1:    layout_onion, bh_zot_levy_curve, st_stairs_11
Zot:2:    layout_concentric_octagons, uniq_vv
Zot:3:    kennysheep_blocky_room, layout_onion_interference
Zot:4:    layout_twisted_circle, regret_index_zotdec_bone_old,
          regret_index_zotdec_banners, grunt_megastairs_3
Zot:5:    layout_basic, regret_index_zotdec_zees, st_stairs_7,
          regret_index_zotdec_carving_tricks, grunt_ministairs_13

Skill      XL: |  1  2  3  4  5  6  7  8  9 10 11 12 13 14 15 16 17 18 19 20 21 22 23 24 25 |
---------------+----------------------------------------------------------------------------+-----
Fighting       | 2 3 4 5 6 8 9 11 12 13 15 16 18 20 21 22 24 26 | 26.1
Ranged Weapons | 4 5 6 7 8 10 11 13 15 17 19 20 22 23 24 25 26 | 26.0
Armour         | 8 15 18 | 18.0
Dodging        | 8 14 16 | 16.3
Shields        | 12 15 | 15.0
Stealth        | |  0.8

Action                     |  1- 3 |  4- 6 |  7- 9 | 10-12 | 13-15 | 16-18 | 19-21 | 22-24 | 25-27 || total
---------------------------+-------+-------+-------+-------+-------+-------+-------+-------+-------++-------
  Melee: Orcbow            |       |       |     1 |       |       |       |       |       |       ||     1
   Fire: Shortbow          |   141 |   142 |       |       |       |       |       |       |       ||   283
         Orcbow            |       |    55 |   306 |   122 |       |       |       |       |       ||   483
         Heavy crossbow    |       |       |       |   215 |   129 |   543 |   353 |   555 |    87 ||  1882
         Longbow           |       |       |       |    13 |   770 |       |       |       |       ||   783
         Hand cannon       |       |       |       |       |       |       |   386 |   496 |       ||   882
  Evoke: Wand              |       |       |     1 |       |       |       |     9 |    10 |     4 ||    24
         Phantom mirror    |       |       |       |       |     1 |       |     1 |       |       ||     2
         Lightning rod     |       |       |       |       |       |       |     3 |       |       ||     3
    Use: Scroll            |       |     3 |    10 |     8 |    21 |    13 |    29 |    34 |     6 ||   124
         Potion            |       |     3 |       |       |     2 |     3 |    13 |     9 |     6 ||    36
 Armour: Leather armour    |    36 |    77 |    92 |       |       |       |       |       |       ||   205
         Animal skin       |       |       |     2 |    72 |   115 |   117 |    60 |       |       ||   366
         Plate armour      |       |       |       |       |       |    51 |       |       |       ||    51
         Storm dragon scal |       |       |       |       |       |       |    76 |   760 |    45 ||   881
  Dodge: Dodged            |    29 |    69 |    95 |    66 |    55 |   140 |   393 |   820 |    34 ||  1701
  Block: Kite shield       |       |       |       |       |       |       |   320 |   540 |       ||   860
         Reflection        |       |       |       |       |       |       |       |    14 |       ||    14

Table legend: (Time is in decaauts)
 A = Elapsed time spent in this place.
 B = Non-inter-level travel time spent in this place.
 C = Inter-level travel time spent in this place.
 D = Time resting spent in this place.
 E = Time spent auto-exploring this place.
 F = Levels seen in this place.
 G = Mean time per level.
                   A        B        C        D        E       F      G
               +--------+--------+--------+--------+--------+-----+--------+
         Total |  45877 |  39559 |   6318 |   1827 |  27392 |  54 |  849.6 |
       Dungeon |  13360 |  11711 |   1649 |    467 |   9167 |  15 |  890.7 |
          Lair |   3916 |   3172 |    744 |     60 |   2556 |   5 |  783.2 |
         Swamp |   2008 |   1843 |    165 |      0 |   1356 |   4 |  502.0 |
     Snake Pit |   3802 |   3630 |    172 |    143 |   2604 |   4 |  950.5 |
  Orcish Mines |   1348 |   1124 |    224 |     73 |    655 |   2 |  674.0 |
   Elven Halls |   3130 |   2779 |    351 |    212 |   1902 |   3 | 1043.3 |
        Vaults |   6384 |   5447 |    937 |    245 |   3482 |   5 | 1276.8 |
        Depths |   6033 |   5562 |    471 |    132 |   3804 |   4 | 1508.2 |
           Zot |   3738 |   2136 |   1602 |    395 |    752 |   5 |  747.6 |
      Ziggurat |     64 |     64 |      0 |      0 |     16 |   3 |   21.3 |
       Ossuary |    410 |    410 |      0 |      0 |    323 |   1 |  410.0 |
        Bailey |    543 |    543 |      0 |     80 |    101 |   1 |  543.0 |
        Wizlab |    481 |    481 |      0 |      0 |    275 |   1 |  481.0 |
      Gauntlet |    653 |    653 |      0 |     17 |    397 |   1 |  653.0 |
               +--------+--------+--------+--------+--------+-----+--------+

Top non-repeatable levels by time:
Depths:3: 1912 daAuts
Vaults:5: 1627 daAuts
Depths:2: 1521 daAuts
     D:9: 1403 daAuts
Vaults:1: 1362 daAuts
   Elf:1: 1351 daAuts
Depths:4: 1333 daAuts
     D:6: 1309 daAuts
     D:4: 1274 daAuts
Depths:1: 1264 daAuts
Vaults:3: 1193 daAuts
Vaults:4: 1151 daAuts
 Snake:3: 1105 daAuts
   Zot:5: 1094 daAuts
Vaults:2: 1049 daAuts
